[Event "45th FIDE Womens Olympiad 2024"]
[Site "Budapest"]
[Date "2024.09.13"]
[Round "3.1"]
[White "Kosteniuk, Alexandra"]
[Black "Dronavalli, Harika"]
[Result "1-0"]
[ECO "C54"]
[WhiteElo "2483"]
[BlackElo "2502"]
[Annotator "RC"]
[PlyCount "91"]
[EventDate "2024.09.05"]
[EventType "team-tourn"]
[EventCountry "HUN"]
[SourceTitle "playchess.com"]
[Source "ChessBase"]
[SourceQuality "1"]
[WhiteTeam "Switzerland"]
[BlackTeam "India"]
[WhiteTeamCountry "SUI"]
[BlackTeamCountry "IND"]
[TimeControl "40/5400+30:1800+30"]

1. e4 e5 2. Nf3 Nc6 3. Bc4 Bc5 4. c3 Nf6 5. d3 d6 6. Nbd2 O-O 7. h3 a5 8. O-O h6 9. Re1 Be6 10. Bb5 Qb8 11. Nf1 Qa7 12. Re2 a4 13. Rc2 Qa5 14. Bxc6 bxc6 15. Bd2 Qa6 16. c4 Qc8 17. Be3 Bxe3 18. fxe3 c5 19. Ng3 Nh7 20. Kh2 Qd8 21. Rf2 g6 22. Ne2 c6 23. Nc3 Qa5 24. Rc1 Ra7 25. Kh1 Rb8 26. d4 exd4 27. exd4 Bxc4 28. dxc5 Qxc5 29. Rd2 Ng5 30. Nd4 Qb6 31. Nxa4 Qa6 32. b3 c5 33. Rxc4 cxd4 34. Rdxd4 Qb7 35. Nc3 Rc8 36. a4 Raa8 37. Nd5 Rc5 38. Nf6+ Kg7 39. Ng4 h5 40. Rxc5 dxc5 41. Rd7 Qc6 42. Qa1+ Kh7 43. Nf6+ Kh6 44. h4 Nxe4 45. Rxf7 Nxf6 46. Qc1+ 1-0

[Event "45th FIDE Womens Olympiad 2024"]
[Site "Budapest"]
[Date "2024.09.13"]
[Round "3.1"]
[White "Yavo Tchetche, Marie"]
[Black "Sanudula, K M Dahamdi"]
[Result "1/2-1/2"]
[ECO "D02"]
[WhiteElo "1686"]
[BlackElo "2023"]
[Annotator "NA RC"]
[PlyCount "94"]
[EventDate "2024.09.05"]
[EventType "team-tourn"]
[EventCountry "HUN"]
[SourceTitle "playchess.com"]
[Source "ChessBase"]
[SourceQuality "1"]
[WhiteTeam "Cote d/^Ivoire"]
[BlackTeam "Sri Lanka"]
[BlackTeamCountry "SRI"]
[TimeControl "40/5400+30:1800+30"]

1. d4 Nf6 2. Nf3 e6 3. g3 d5 4. Bg2 Be7 5. O-O O-O 6. Nbd2 b6 7. c4 Bb7 8. a3 c5 9. e3 Nbd7 10. b3 Rc8 11. Bb2 Ne4 12. Nxe4 dxe4 13. Ne5 Rc7 14. Qc2 Nxe5 15. dxe5 Rd7 16. Rfd1 Rd3 17. Bf1 Rd7 18. Rxd7 Qxd7 19. Rd1 Qc6 20. Qd2 Bc8 21. Bg2 f5 22. exf6 gxf6 23. Qe2 Kh8 24. Rd2 e5 25. Bc3 Be6 26. Qd3 Bf5 27. Qe2 a6 28. Qh5 Qe6 29. Qh4 Bg6 30. Qh3 Bf5 31. Qh5 b5 32. Qe2 Bg4 33. Qf1 b4 34. axb4 cxb4 35. Ba1 Bf3 36. Bh3 f5 37. Qe1 Bd6 38. Rd5 Qh6 39. Bg2 Bh5 40. Bxe5+ Bxe5 41. Rxe5 Rd8 42. Qxb4 Rd1+ 43. Bf1 Qf6 44. Qb8+ Kg7 45. Rd5 Rxf1+ 46. Kxf1 Qa1+ 47. Kg2 Bf3+ 1/2-1/2

[Event "45th FIDE Womens Olympiad 2024"]
[Site "Budapest"]
[Date "2024.09.13"]
[Round "3.2"]
[White "Vaishali, Rameshbabu"]
[Black "Hakimifard, Ghazal"]
[Result "1-0"]
[ECO "D02"]
[WhiteElo "2498"]
[BlackElo "2192"]
[Annotator "RC"]
[PlyCount "75"]
[EventDate "2024.09.05"]
[EventType "team-tourn"]
[EventCountry "HUN"]
[SourceTitle "playchess.com"]
[Source "ChessBase"]
[SourceQuality "1"]
[WhiteTeam "India"]
[BlackTeam "Switzerland"]
[WhiteTeamCountry "IND"]
[BlackTeamCountry "SUI"]
[TimeControl "40/5400+30:1800+30"]

1. d4 Nf6 2. Bf4 d5 3. e3 e6 4. Nf3 Bd6 5. Ne5 O-O 6. Nd2 c5 7. c3 c4 8. h4 Qc7 9. h5 Nbd7 10. h6 g6 11. Ndf3 Ne4 12. Qc2 b5 13. Be2 a5 14. Nxd7 Bxd7 15. Bxd6 Qxd6 16. Nd2 Nxd2 17. Qxd2 e5 18. dxe5 Qxe5 19. f4 Qf6 20. Kf2 Rad8 21. Rad1 Bf5 22. Qd4 Qxd4 23. Rxd4 Rd7 24. Rhd1 Rfd8 25. R1d2 a4 26. Bf3 Be6 27. e4 dxe4 28. Rxd7 Rxd7 29. Rxd7 Bxd7 30. Bxe4 Kf8 31. Ke3 Ke7 32. Kd4 Kd6 33. Bd5 Ke7 34. Kc5 Kf6 35. Kd6 Bc8 36. Kc6 Kf5 37. Bxf7 Kxf4 38. Bxg6 1-0

[Event "45th FIDE Womens Olympiad 2024"]
[Site "Budapest"]
[Date "2024.09.13"]
[Round "3.2"]
[White "Tharushi, T H D Niklesha"]
[Black "Kouassi Edichy Berenice"]
[Result "1-0"]
[ECO "D11"]
[WhiteElo "1852"]
[BlackElo "1528"]
[Annotator "NA RC"]
[PlyCount "55"]
[EventDate "2024.09.05"]
[EventType "team-tourn"]
[EventCountry "HUN"]
[SourceTitle "playchess.com"]
[Source "ChessBase"]
[SourceQuality "1"]
[WhiteTeam "Sri Lanka"]
[BlackTeam "Cote d/^Ivoire"]
[WhiteTeamCountry "SRI"]
[TimeControl "40/5400+30:1800+30"]

1. d4 d5 2. c4 c6 3. Nf3 Nf6 4. g3 Bf5 5. Bg2 e6 6. O-O Nbd7 7. Nc3 Be7 8. Nd2 O-O 9. e4 Bg6 10. e5 Ne8 11. cxd5 cxd5 12. f4 Bd3 13. Rf3 Ba6 14. Kh1 b6 15. f5 Bb7 16. Rf2 Rc8 17. Qg4 exf5 18. Rxf5 Nc7 19. Nf1 Kh8 20. Bd2 Bb4 21. Bh3 Bc6 22. Rh5 Ne6 23. Bg2 Be7 24. Qh3 h6 25. Bxh6 gxh6 26. Rxh6+ Kg8 27. Rh8+ Kg7 28. Qh6# 1-0

[Event "45th FIDE Womens Olympiad 2024"]
[Site "Budapest"]
[Date "2024.09.13"]
[Round "3.3"]
[White "Gba, Zotta Marcelle Auror"]
[Black "Pallie, Ehsha Mishela"]
[Result "0-1"]
[ECO "B90"]
[WhiteElo "1427"]
[BlackElo "1767"]
[Annotator "NA"]
[PlyCount "86"]
[EventDate "2024.09.05"]
[EventType "team-tourn"]
[EventCountry "HUN"]
[SourceTitle "playchess.com"]
[Source "ChessBase"]
[SourceQuality "1"]
[WhiteTeam "Cote d/^Ivoire"]
[BlackTeam "Sri Lanka"]
[BlackTeamCountry "SRI"]
[TimeControl "40/5400+30:1800+30"]

1. e4 c5 2. Nf3 d6 3. d4 cxd4 4. Nxd4 Nf6 5. Nc3 a6 6. Be3 e5 7. Nf3 Be7 8. Bc4 O-O 9. O-O Nc6 10. a3 b5 11. Ba2 Bb7 12. Nd5 Nxe4 13. Qd3 Nf6 14. Nxf6+ Bxf6 15. c3 Ne7 16. Ng5 Ng6 17. Bxf7+ Rxf7 18. Nxf7 Kxf7 19. f3 Kg8 20. Rad1 d5 21. Qc2 Rc8 22. Qb3 Rc4 23. Bc1 Kh8 24. Be3 Bg5 25. Bf2 Nf4 26. Rfe1 Bf6 27. g3 Nh3+ 28. Kg2 Nxf2 29. Kxf2 Qb6+ 30. Kf1 e4 31. f4 Qe6 32. Qc2 d4 33. Rxe4 Qxe4 34. Re1 Qh1+ 35. Ke2 d3+ 36. Qxd3 Re4+ 37. Kd1 Rxe1+ 38. Kc2 Be4 39. Qxe4 Qxe4+ 40. Kb3 Qc4+ 41. Kc2 Re2+ 42. Kc1 Qb3 43. Kb1 Qxb2# 0-1

[Event "45th FIDE Womens Olympiad 2024"]
[Site "Budapest"]
[Date "2024.09.13"]
[Round "3.4"]
[White "Vantika Agrawal"]
[Black "Manko, Mariia"]
[Result "1-0"]
[ECO "E04"]
[WhiteElo "2370"]
[BlackElo "2159"]
[Annotator "RC"]
[PlyCount "95"]
[EventDate "2024.09.05"]
[EventType "team-tourn"]
[EventCountry "HUN"]
[SourceTitle "playchess.com"]
[Source "ChessBase"]
[SourceQuality "1"]
[WhiteTeam "India"]
[BlackTeam "Switzerland"]
[WhiteTeamCountry "IND"]
[BlackTeamCountry "SUI"]
[TimeControl "40/5400+30:1800+30"]

1. d4 d5 2. c4 e6 3. Nf3 Nf6 4. g3 dxc4 5. Bg2 c5 6. O-O Nc6 7. Ne5 Bd7 8. Nxc4 cxd4 9. Bf4 Nd5 10. Nd6+ Bxd6 11. Bxd6 Nde7 12. Nd2 O-O 13. Qb3 b6 14. Rac1 Rc8 15. Ba3 Re8 16. Ne4 Nf5 17. g4 Nh4 18. Nd6 Nxg2 19. Kxg2 Na5 20. Qf3 Bc6 21. Rxc6 Nxc6 22. Qxf7+ Kh8 23. Qxe8+ Qxe8 24. Nxe8 Rxe8 25. Rc1 Ne5 26. Kg3 Kg8 27. Rc7 a5 28. Kf4 Nf7 29. Ke4 e5 30. h4 Nh8 31. h5 Nf7 32. Be7 h6 33. f3 Kh7 34. Kd5 Kg8 35. a4 Rb8 36. Ke6 Ra8 37. Rb7 Re8 38. Kd7 Ra8 39. Ke6 Re8 40. Rxb6 Rc8 41. Ra6 Ng5+ 42. Bxg5 hxg5 43. Kxe5 Re8+ 44. Kxd4 Rxe2 45. Rxa5 Rxb2 46. Rxg5 Rb4+ 47. Ke3 Rxa4 48. h6 1-0

[Event "45th FIDE Womens Olympiad 2024"]
[Site "Budapest"]
[Date "2024.09.13"]
[Round "3.5"]
[White "Gaal, Zsoka"]
[Black "Khamdamova, Afruza"]
[Result "0-1"]
[ECO "D36"]
[WhiteElo "2385"]
[BlackElo "2313"]
[Annotator "RC"]
[PlyCount "80"]
[EventDate "2024.09.05"]
[EventType "team-tourn"]
[EventCountry "HUN"]
[SourceTitle "playchess.com"]
[Source "ChessBase"]
[SourceQuality "1"]
[WhiteTeam "Hungary"]
[BlackTeam "Uzbekistan"]
[WhiteTeamCountry "HUN"]
[BlackTeamCountry "UZB"]
[TimeControl "40/5400+30:1800+30"]

1. d4 Nf6 2. c4 e6 3. Nc3 d5 4. cxd5 exd5 5. Bg5 c6 6. e3 h6 7. Bh4 Be7 8. Bd3 O-O 9. Qc2 Re8 10. Nf3 Ne4 11. Bxe7 Qxe7 12. O-O Nd7 13. Rae1 Ndf6 14. Ne5 Bf5 15. f3 Nxc3 16. Bxf5 Nxa2 17. Qf2 Nb4 18. Rc1 Na6 19. g4 Nb8 20. f4 Ne4 21. Bxe4 dxe4 22. g5 h5 23. g6 fxg6 24. Nxg6 Qd6 25. Ne5 Nd7 26. Qg2 Nxe5 27. fxe5 Qe6 28. Qxe4 Rf8 29. Kh1 Rxf1+ 30. Rxf1 Rf8 31. Rf4 Qd5 32. Qxd5+ cxd5 33. h4 a5 34. Kg2 b5 35. Kg3 a4 36. e6 Rxf4 37. Kxf4 b4 38. Ke5 Kf8 39. e4 a3 40. Kd6 Ke8 0-1

[Event "45th FIDE Womens Olympiad 2024"]
[Site "Budapest"]
[Date "2024.09.13"]
[Round "3.5"]
[White "Ampaire Shakira"]
[Black "Magne Kouokam Sylviane"]
[Result "1-0"]
[ECO "D02"]
[WhiteElo "1839"]
[BlackElo "1587"]
[Annotator "NA RC"]
[PlyCount "82"]
[EventDate "2024.09.05"]
[EventType "team-tourn"]
[EventCountry "HUN"]
[SourceTitle "playchess.com"]
[Source "ChessBase"]
[SourceQuality "1"]
[WhiteTeam "Uganda"]
[BlackTeam "Cameroon"]
[WhiteTeamCountry "UGA"]
[BlackTeamCountry "CAM"]
[TimeControl "40/5400+30:1800+30"]

1. d4 d5 2. Nf3 Nc6 3. Bf4 Bf5 4. c3 e6 5. Qb3 Rb8 6. e3 Nf6 7. Qa4 Nd7 8. Bb5 f6 9. b4 Bd6 10. Bxd6 cxd6 11. Bxc6 bxc6 12. Qxc6 Rb6 13. Qa4 Qc8 14. O-O Ra6 15. Qb3 O-O 16. a4 Rc6 17. Rc1 a6 18. Na3 Nb6 19. b5 axb5 20. Nxb5 Rf7 21. Nd2 Bd3 22. Qb4 Rd7 23. Nb3 Nc4 24. Na5 Rb6 25. Nxc4 Bxc4 26. Qa5 Ra6 27. Qb4 Rb6 28. h3 Qc6 29. Rcb1 Rdb7 30. Qa5 Bxb5 31. axb5 Rxb5 32. Rxb5 Rxb5 33. Qd8+ Kf7 34. Ra8 Kg6 35. Rc8 Qa6 36. Kh2 e5 37. Qe8+ Kf5 38. Qh5+ Ke6 39. Rc7 Rb8 40. Qg4+ f5 41. Qxg7 e4 1-0

[Event "45th FIDE Womens Olympiad 2024"]
[Site "Budapest"]
[Date "2024.09.13"]
[Round "3.6"]
[White "Yakubbaeva, Nilufar"]
[Black "Hoang, Thanh Trang"]
[Result "0-1"]
[ECO "A85"]
[WhiteElo "2248"]
[BlackElo "2351"]
[Annotator "RC"]
[PlyCount "72"]
[EventDate "2024.09.05"]
[EventType "team-tourn"]
[EventCountry "HUN"]
[SourceTitle "playchess.com"]
[Source "ChessBase"]
[SourceQuality "1"]
[WhiteTeam "Uzbekistan"]
[BlackTeam "Hungary"]
[WhiteTeamCountry "UZB"]
[BlackTeamCountry "HUN"]
[TimeControl "40/5400+30:1800+30"]

1. d4 f5 2. c4 Nf6 3. Nc3 g6 4. h4 d6 5. h5 Rg8 6. hxg6 hxg6 7. Nf3 Bg7 8. Qc2 Nc6 9. d5 Ne5 10. Ng5 c6 11. e3 Bd7 12. Qb3 Qc7 13. Bd2 Rh8 14. Rxh8+ Bxh8 15. Rc1 Qb6 16. Qa3 Rc8 17. Na4 Qc7 18. Be2 Nf7 19. Nxf7 Kxf7 20. f3 Bg7 21. Kf2 Qb8 22. Nc3 cxd5 23. cxd5 b5 24. b4 Qb6 25. Bd3 a6 26. Qb3 e5 27. Ke2 Bh6 28. Rh1 Nh5 29. Kd1 Bxe3 30. g4 Bxd2 31. Kxd2 Qf2+ 32. Ne2 fxg4 33. fxg4 Bxg4 34. Qb1 Bxe2 35. Bxe2 Nf4 36. Qe4 Nxe2 0-1

[Event "45th FIDE Womens Olympiad 2024"]
[Site "Budapest"]
[Date "2024.09.13"]
[Round "3.6"]
[White "Danwe Maissiri Carole"]
[Black "Sana Omprakash Kayyar"]
[Result "0-1"]
[ECO "C54"]
[WhiteElo "1456"]
[BlackElo "1937"]
[Annotator "NA RC"]
[PlyCount "72"]
[EventDate "2024.09.05"]
[EventType "team-tourn"]
[EventCountry "HUN"]
[SourceTitle "playchess.com"]
[Source "ChessBase"]
[SourceQuality "1"]
[WhiteTeam "Cameroon"]
[BlackTeam "Uganda"]
[WhiteTeamCountry "CAM"]
[BlackTeamCountry "UGA"]
[TimeControl "40/5400+30:1800+30"]

1. e4 e5 2. Nf3 Nc6 3. Bc4 Nf6 4. d3 Bc5 5. c3 d6 6. O-O O-O 7. h3 h6 8. Re1 Bb6 9. Be3 Re8 10. b4 Bxe3 11. Rxe3 d5 12. exd5 Nxd5 13. Re1 a6 14. Qb3 Be6 15. Nxe5 Nxe5 16. Rxe5 Qf6 17. Re1 Qg5 18. Na3 Nf4 19. g3 Nxh3+ 20. Kf1 Qf5 21. Qc2 Bxc4 22. Nxc4 Qf3 23. Ne3 Rxe3 24. Rxe3 Qh1+ 25. Ke2 Qxa1 26. f4 Qh1 27. Kd2 Qg2+ 28. Kc1 Qg1+ 29. Kd2 Qf2+ 30. Re2 Qxg3 31. Re3 Qf2+ 32. Re2 Qxf4+ 33. Ke1 Qg3+ 34. Kd1 Nf4 35. Re4 Rd8 36. Kc1 Nxd3+ 0-1

[Event "45th FIDE Womens Olympiad 2024"]
[Site "Budapest"]
[Date "2024.09.13"]
[Round "3.7"]
[White "Terbe, Julianna"]
[Black "Omonova, Umida"]
[Result "0-1"]
[ECO "D26"]
[WhiteElo "2245"]
[BlackElo "2032"]
[Annotator "RC"]
[PlyCount "56"]
[EventDate "2024.09.05"]
[EventType "team-tourn"]
[EventCountry "HUN"]
[SourceTitle "playchess.com"]
[Source "ChessBase"]
[SourceQuality "1"]
[WhiteTeam "Hungary"]
[BlackTeam "Uzbekistan"]
[WhiteTeamCountry "HUN"]
[BlackTeamCountry "UZB"]
[TimeControl "40/5400+30:1800+30"]

1. d4 d5 2. c4 dxc4 3. Nf3 Nf6 4. e3 e6 5. Bxc4 a6 6. Bb3 b5 7. O-O Bb7 8. Nc3 c5 9. Qe2 cxd4 10. exd4 Be7 11. Bg5 O-O 12. Rad1 b4 13. Na4 Nbd7 14. Ne5 Nxe5 15. dxe5 Nd5 16. Bxe7 Qxe7 17. Qg4 Rad8 18. Rd3 h5 19. Qc4 Qg5 20. f4 Qh6 21. Rh3 Rc8 22. Qd4 Rfd8 23. Qf2 Qg6 24. Rg3 Qe4 25. Bxd5 Rxd5 26. Re1 Qc2 27. Nb6 Rd2 28. Qf1 Qc5+ 0-1

[Event "45th FIDE Womens Olympiad 2024"]
[Site "Budapest"]
[Date "2024.09.13"]
[Round "3.7"]
[White "Kawuma Patricia"]
[Black "Tchouateu Tankeu Stephanie"]
[Result "1-0"]
[ECO "C45"]
[WhiteElo "1839"]
[BlackElo "1565"]
[Annotator "NA RC"]
[PlyCount "139"]
[EventDate "2024.09.05"]
[EventType "team-tourn"]
[EventCountry "HUN"]
[SourceTitle "playchess.com"]
[Source "ChessBase"]
[SourceQuality "1"]
[WhiteTeam "Uganda"]
[BlackTeam "Cameroon"]
[WhiteTeamCountry "UGA"]
[BlackTeamCountry "CAM"]
[TimeControl "40/5400+30:1800+30"]

1. e4 e5 2. Nf3 Nc6 3. d4 exd4 4. Nxd4 Nf6 5. Nc3 Bc5 6. Be3 Bxd4 7. Bxd4 d6 8. Bb5 Bd7 9. Bxf6 Qxf6 10. Nd5 Qd8 11. O-O O-O 12. f4 a6 13. Bd3 f6 14. f5 Ne7 15. Nf4 c6 16. Kh1 d5 17. exd5 Nxf5 18. Qh5 Qe8 19. Bxf5 Qxh5 20. Nxh5 Bxf5 21. Rxf5 g6 22. Nxf6+ Kg7 23. Rff1 Rxf6 24. Rxf6 Kxf6 25. dxc6 bxc6 26. Rd1 Re8 27. Kg1 Re6 28. Kf2 Kf5 29. Rd3 Kf6 30. Kf3 Kf5 31. Ra3 c5 32. Ra5 Re5 33. Rxa6 Kg5 34. Rc6 Rf5+ 35. Kg3 h5 36. h4+ Kh6 37. a4 Re5 38. Kh3 Re3+ 39. g3 Re1 40. Rxc5 Rh1+ 41. Kg2 Rb1 42. b3 Re1 43. b4 Re4 44. c3 Re2+ 45. Kh3 Re1 46. a5 Re8 47. Rc7 Ra8 48. c4 Ra6 49. c5 g5 50. hxg5+ Kxg5 51. Rb7 Re6 52. b5 Re3 53. Kg2 Kg4 54. Rg7+ Kf5 55. a6 Ra3 56. a7 Kf6 57. Rc7 Kf5 58. b6 Kg4 59. Rg7+ Kf5 60. Rg8 Ra2+ 61. Kh3 Ke5 62. a8=Q Rxa8 63. Rxa8 Kd5 64. b7 Kxc5 65. b8=Q Kd4 66. Qf4+ Kd5 67. Ra5+ Kc6 68. Rxh5 Kd7 69. Rh6 Ke8 70. Rh7 1-0

[Event "45th FIDE Womens Olympiad 2024"]
[Site "Budapest"]
[Date "2024.09.13"]
[Round "3.8"]
[White "Malikova, Marjona"]
[Black "Papp, Petra"]
[Result "1/2-1/2"]
[ECO "E62"]
[WhiteElo "2083"]
[BlackElo "2259"]
[Annotator "RC"]
[PlyCount "60"]
[EventDate "2024.09.05"]
[EventType "team-tourn"]
[EventCountry "HUN"]
[SourceTitle "playchess.com"]
[Source "ChessBase"]
[SourceQuality "1"]
[WhiteTeam "Uzbekistan"]
[BlackTeam "Hungary"]
[WhiteTeamCountry "UZB"]
[BlackTeamCountry "HUN"]
[TimeControl "40/5400+30:1800+30"]

1. d4 Nf6 2. Nf3 g6 3. g3 Bg7 4. Bg2 O-O 5. c4 d6 6. O-O Nc6 7. Nc3 e5 8. d5 Nb8 9. c5 Ne8 10. cxd6 cxd6 11. Nd2 f5 12. a4 Nd7 13. Nc4 f4 14. Bd2 Nb6 15. Na3 g5 16. a5 Nd7 17. Nc4 Ndf6 18. Nb5 Rf7 19. e3 Bg4 20. f3 Bf5 21. e4 Bc8 22. g4 h5 23. h3 Bf8 24. Bb4 Rh7 25. Rf2 hxg4 26. hxg4 Qd7 27. Qa4 Rh6 28. Rc2 Nxg4 29. fxg4 Qxg4 30. Nbxd6 Nxd6 1/2-1/2

[Event "45th FIDE Womens Olympiad 2024"]
[Site "Budapest"]
[Date "2024.09.13"]
[Round "3.9"]
[White "Dzagnidze, Nana"]
[Black "Bulmaga, Irina"]
[Result "1-0"]
[ECO "A13"]
[WhiteElo "2508"]
[BlackElo "2406"]
[Annotator "RC"]
[PlyCount "113"]
[EventDate "2024.09.05"]
[EventType "team-tourn"]
[EventCountry "HUN"]
[SourceTitle "playchess.com"]
[Source "ChessBase"]
[SourceQuality "1"]
[WhiteTeam "Georgia"]
[BlackTeam "Romania"]
[WhiteTeamCountry "GEO"]
[BlackTeamCountry "ROU"]
[TimeControl "40/5400+30:1800+30"]

1. Nf3 Nf6 2. c4 e6 3. b3 d5 4. Bb2 b6 5. cxd5 exd5 6. e3 Bd6 7. Bb5+ c6 8. Be2 O-O 9. O-O Re8 10. Nc3 Bb7 11. Rc1 Nbd7 12. Qc2 Rc8 13. Rfd1 Ne5 14. d4 Nxf3+ 15. Bxf3 Qe7 16. g3 h5 17. Re1 c5 18. dxc5 bxc5 19. Red1 d4 20. Bxb7 Qxb7 21. exd4 cxd4 22. Rxd4 Be5 23. Rd3 Ne4 24. Qd1 Bxc3 25. Bxc3 Nxc3 26. Rdxc3 Rxc3 27. Rxc3 g6 28. Rd3 Qb4 29. Kg2 Qa5 30. Qd2 Qf5 31. Rd4 Qe6 32. Qd3 Kh7 33. Rd6 Qe1 34. Qd4 Kg8 35. Qd5 Qe4+ 36. Qxe4 Rxe4 37. Ra6 Re7 38. Kf3 Kf8 39. h4 Kg7 40. b4 Rb7 41. a3 Re7 42. b5 Rb7 43. a4 Re7 44. Kf4 Kh7 45. Rc6 Kg7 46. f3 Kh7 47. a5 Kg7 48. b6 axb6 49. axb6 Re1 50. b7 Rb1 51. Rc7 Kf6 52. Ke4 Ke6 53. Kd4 f6 54. Kc5 Kf5 55. Kc6 g5 56. Rc8 gxh4 57. gxh4 1-0

[Event "45th FIDE Womens Olympiad 2024"]
[Site "Budapest"]
[Date "2024.09.13"]
[Round "3.9"]
[White "Nihaya, Ahmed"]
[Black "Mongeli, Sasha"]
[Result "0-1"]
[ECO "B12"]
[WhiteElo "1589"]
[BlackElo "1819"]
[Annotator "NA"]
[PlyCount "112"]
[EventDate "2024.09.05"]
[EventType "team-tourn"]
[EventCountry "HUN"]
[SourceTitle "playchess.com"]
[Source "ChessBase"]
[SourceQuality "1"]
[WhiteTeam "Maldives"]
[BlackTeam "Kenya"]
[WhiteTeamCountry "MDV"]
[BlackTeamCountry "KEN"]
[TimeControl "40/5400+30:1800+30"]

1. e4 c6 2. d4 d5 3. e5 Bf5 4. Nf3 e6 5. Be2 Nd7 6. O-O Bg6 7. c3 Ne7 8. Bg5 Qc7 9. b4 a5 10. bxa5 Rxa5 11. Nbd2 h6 12. Bf4 Nc8 13. Nb3 Ra3 14. Bc1 Ra7 15. Nh4 Bh7 16. f4 Be7 17. Nf3 Bf5 18. Bd3 g6 19. h3 Ncb6 20. Be2 h5 21. Nbd2 Na4 22. Qb3 Qa5 23. Bb2 Qb6 24. Bc1 Qa5 25. Bb2 O-O 26. Ng5 Nxb2 27. Qxb2 Qa3 28. Qb3 Rfa8 29. g4 hxg4 30. hxg4 Qxb3 31. Nxb3 Bc2 32. Nc1 Ba3 33. Nd3 Bxd3 34. Bxd3 Bb2 35. Rab1 Bxc3 36. Nf3 b5 37. Rfc1 b4 38. f5 gxf5 39. gxf5 Rxa2 40. fxe6 fxe6 41. Rc2 Rxc2 42. Bxc2 Kf8 43. Bg6 Ke7 44. Kf2 Ra2+ 45. Ke3 Rg2 46. Bh5 Nb6 47. Rg1 Nc4+ 48. Kd3 Nb2+ 49. Ke3 Bd2+ 50. Nxd2 Rxg1 51. Be2 Rc1 52. Kf4 Rc2 53. Ke3 Nc4+ 54. Bxc4 dxc4 55. Nb1 Rc1 56. Nd2 b3 0-1

[Event "45th FIDE Womens Olympiad 2024"]
[Site "Budapest"]
[Date "2024.09.13"]
[Round "3.10"]
[White "Sandu, Mihaela"]
[Black "Javakhishvili, Lela"]
[Result "1-0"]
[ECO "B08"]
[WhiteElo "2248"]
[BlackElo "2446"]
[Annotator "RC"]
[PlyCount "105"]
[EventDate "2024.09.05"]
[EventType "team-tourn"]
[EventCountry "HUN"]
[SourceTitle "playchess.com"]
[Source "ChessBase"]
[SourceQuality "1"]
[WhiteTeam "Romania"]
[BlackTeam "Georgia"]
[WhiteTeamCountry "ROU"]
[BlackTeamCountry "GEO"]
[TimeControl "40/5400+30:1800+30"]

1. e4 d6 2. d4 Nf6 3. Nc3 g6 4. Nf3 Bg7 5. Be2 O-O 6. O-O a6 7. a4 Nc6 8. d5 Nb4 9. h3 e6 10. dxe6 Bxe6 11. Be3 Re8 12. Ng5 Bd7 13. Bc4 d5 14. exd5 h6 15. Nf3 Bf5 16. Bb3 Qd7 17. Bc5 a5 18. Nd4 Rad8 19. Qf3 Ne4 20. Nxf5 Nxc5 21. Nxg7 Kxg7 22. Bc4 Nxc2 23. Rad1 Qf5 24. Qxf5 gxf5 25. Nb5 Rd7 26. Rc1 Nb4 27. Nd4 Ncd3 28. Rc3 Nxb2 29. Nxf5+ Kf6 30. Nxh6 Nxc4 31. Rxc4 Nxd5 32. Ng4+ Kg7 33. Rd1 c6 34. Rc5 Ra8 35. Ne3 Nb6 36. Ra1 Kf8 37. Ra3 Rd4 38. Rb3 Rb4 39. Rd3 Rxa4 40. Rh5 Re8 41. Nf5 Re1+ 42. Kh2 f6 43. Rd8+ Kf7 44. g4 Re8 45. Rh7+ Kg8 46. Rg7+ Kf8 47. Rd6 Nd5 48. Rxb7 Ra2 49. Kg3 Rae2 50. Rxc6 R2e5 51. Ra6 Rc8 52. Raa7 Re6 53. Rh7 1-0

[Event "45th FIDE Womens Olympiad 2024"]
[Site "Budapest"]
[Date "2024.09.13"]
[Round "3.10"]
[White "Ndirangu, Joyce Nyaruai"]
[Black "Aishath Iva Hassan"]
[Result "1-0"]
[ECO "B12"]
[WhiteElo "1782"]
[BlackElo "1422"]
[Annotator "NA"]
[PlyCount "47"]
[EventDate "2024.09.05"]
[EventType "team-tourn"]
[EventCountry "HUN"]
[SourceTitle "playchess.com"]
[Source "ChessBase"]
[SourceQuality "1"]
[WhiteTeam "Kenya"]
[BlackTeam "Maldives"]
[WhiteTeamCountry "KEN"]
[BlackTeamCountry "MDV"]
[TimeControl "40/5400+30:1800+30"]

1. e4 c6 2. d4 d5 3. e5 c5 4. c3 Nc6 5. Nf3 cxd4 6. cxd4 Bg4 7. Bb5 e6 8. a3 a6 9. Bxc6+ bxc6 10. Qa4 Qb6 11. b4 Ne7 12. Be3 Qb5 13. Nc3 Qxa4 14. Nxa4 Nf5 15. O-O Be7 16. Rfc1 a5 17. Nb6 Ra7 18. bxa5 Rxa5 19. Rxc6 O-O 20. a4 Nxe3 21. fxe3 Ra6 22. Nc8 Rxc8 23. Rxc8+ Bf8 24. Rb1 1-0

[Event "45th FIDE Womens Olympiad 2024"]
[Site "Budapest"]
[Date "2024.09.13"]
[Round "3.11"]
[White "Batsiashvili, Nino"]
[Black "Voicu-Jagodzinsky, Carmen"]
[Result "1-0"]
[ECO "A67"]
[WhiteElo "2461"]
[BlackElo "2271"]
[Annotator "RC"]
[PlyCount "97"]
[EventDate "2024.09.05"]
[EventType "team-tourn"]
[EventCountry "HUN"]
[SourceTitle "playchess.com"]
[Source "ChessBase"]
[SourceQuality "1"]
[WhiteTeam "Georgia"]
[BlackTeam "Romania"]
[WhiteTeamCountry "GEO"]
[BlackTeamCountry "ROU"]
[TimeControl "40/5400+30:1800+30"]

1. d4 Nf6 2. c4 c5 3. d5 e6 4. Nc3 exd5 5. cxd5 d6 6. e4 g6 7. f4 Bg7 8. Bb5+ Nfd7 9. a4 Na6 10. Nf3 Nb4 11. O-O a6 12. Be2 O-O 13. Be3 Nf6 14. Nd2 Re8 15. Bf2 Nd7 16. Kh1 Bd4 17. Nc4 Bxf2 18. Rxf2 Nb6 19. Nxb6 Qxb6 20. Bc4 Qd8 21. Qf3 b6 22. e5 Ra7 23. Re1 Bf5 24. g4 Bc2 25. b3 Qh4 26. Rfe2 h5 27. gxh5 Bf5 28. hxg6 fxg6 29. Qg3 Qxg3 30. hxg3 Rh7+ 31. Rh2 Nc2 32. Rxh7 Kxh7 33. Re2 Kg7 34. exd6 Ne3 35. Kg1 Bg4 36. Re1 Bd7 37. Bxa6 Kf7 38. Bb5 Bxb5 39. Nxb5 Nxd5 40. Rxe8 Kxe8 41. Nc7+ Nxc7 42. dxc7 Kd7 43. Kf2 Kxc7 44. Ke3 Kd6 45. Ke4 Ke6 46. g4 Kd6 47. f5 g5 48. Kd3 Kd5 49. Kc3 1-0

[Event "45th FIDE Womens Olympiad 2024"]
[Site "Budapest"]
[Date "2024.09.13"]
[Round "3.11"]
[White "Aini Munthazim"]
[Black "Mutisya, Jully"]
[Result "0-1"]
[ECO "B07"]
[WhiteElo "1536"]
[BlackElo "1750"]
[Annotator "NA"]
[PlyCount "44"]
[EventDate "2024.09.05"]
[EventType "team-tourn"]
[EventCountry "HUN"]
[SourceTitle "playchess.com"]
[Source "ChessBase"]
[SourceQuality "1"]
[WhiteTeam "Maldives"]
[BlackTeam "Kenya"]
[WhiteTeamCountry "MDV"]
[BlackTeamCountry "KEN"]
[TimeControl "40/5400+30:1800+30"]

1. e4 d6 2. d4 Nf6 3. Nc3 g6 4. Be3 c6 5. h3 Nbd7 6. f4 Qa5 7. Qd2 e5 8. O-O-O Bg7 9. Nf3 O-O 10. g4 exd4 11. Bxd4 b5 12. Bxf6 Nxf6 13. Qxd6 b4 14. Ne2 Nxe4 15. Qxc6 Bxb2+ 16. Kxb2 Qa3+ 17. Kb1 Nc3+ 18. Nxc3 bxc3 19. Qb5 Be6 20. Rd7 Bxa2+ 21. Ka1 Bb3+ 22. Kb1 Qb2# 0-1